Arrhythmia, chaotic female vampiric Convict ----- ...| ---------- -.|############.........| |..########### |........| |.| |........| |@| #.........| |@| |......<.| |.| 0.........| |.| ---------- |%| |.| ----|.| |%%.|.| |%%.-.| -----.| .| --- Arrhythmia the Jail-bird Experience level: 7 Strength: 15 Dexterity: 16 Constitution: 15 Intelligence: 10 Wisdom: 9 Charisma: 10 Health: 0(59) Energy: 45(45) AC: 2 Gold: 515 Moves: 2782 Your Inventory: Coins $ - 515 gold pieces Weapons H - a [cursed +0] dagger [of frost and fumbling] Armor b - an uncursed +0 striped shirt v - an uncursed +1 hooded cloak [dwarvish] (being worn) F - a cursed +0 pair of hard shoes [of cold resistance (iron)] (being worn) G - an [uncursed] +0 hard hat [dwarvish iron helm] (being worn) I - an [uncursed] +2 small shield (being worn) Scrolls q - 3 uncursed unlabeled scrolls [of blank paper] r - a blessed unlabeled scroll [of blank paper] C - a [cursed] scroll labeled ABRA KA DABRA [of charging] E - a [cursed] scroll labeled VAS CORP BET MANI [of destroy armor] Rings n - an uncursed copper ring [of stealth] A - an uncursed iron ring [of regeneration] D - a [cursed +1] ivory ring [of protection] Wands o - a blessed wand of digging [0:3] B - an [uncursed] hexagonal wand [of magic missile] (0:0) Tools d - an uncursed blindfold h - an uncursed can of grease [0:10] p - an uncursed [+0] pick-axe z - an uncursed skeleton key Iron balls c - an uncursed heavy iron ball (weapon in hand) Spells known in the end: Name Level Category Fail Memory Your skills at the end: Fighting Skills Weapon Skills sling [Basic / Skilled] Spellcasting Skills Final Attributes: You had sinned. Hunger level was 111. Your alignment was -7 / 23. Monster difficulty range was 1 - 6. Level difficulty was 6. You were immune to cold. You were immune to poison. You were immune to level-drain. You were immune to sickness. You could fly. You could survive without air. You regenerated. Your luck was zero. You are dead. Vanquished creatures: 2 watchmen a leprechaun a lizard a soldier ant a rock mole a pony a yellow light 2 gnome lords 2 gnomish wizards a kobold mummy a gray ooze a straw golem a paper golem 2 wax golems a floating eye 4 dwarves 2 rothes a monkey 4 hobbits 2 cave spiders a green mold 25 gnomes a gnome zombie 2 geckos 4 jackals 2 goblins 6 grid bugs 3 lichens a kobold zombie 4 newts 81 creatures vanquished. Voluntary challenges: You went without food. You never hit with a wielded weapon. You read items or engraved 3 times. You put on armor 13 times. You never genocided any monsters. You never polymorphed an object. You never changed form. You used no wishes. You abstained from Elbereth's help. You encountered 1 bones level. You never used any Sokoban shortcuts. Dungeon overview: The Dungeons of Doom: levels 1 to 2 Level 1 a fountain a long staircase Level 2 an altar stairs to The Gnomish Mines The Gnomish Mines: levels 3 to 6 Level 3 stairs to The Dungeons of Doom Level 6 <- You were here a delicatessen History has recorded: On T:1 you entered the Dungeons of Doom to retrieve the Amulet of Yendor! On T:313 you advanced to experience level 2. On T:325 you reached level 2 of The Dungeons of Doom. On T:768 you advanced to experience level 3. On T:1021 you reached level 1 of The Gnomish Mines. On T:1035 you advanced to experience level 4. On T:1086 you advanced to experience level 5. On T:1199 you advanced to experience level 6. On T:1552 you reached level 2 of The Gnomish Mines. On T:1870 you advanced to experience level 7. On T:2271 you reached level 3 of The Gnomish Mines. On T:2702 you reached level 4 of The Gnomish Mines. Latest messages: The watch captain swings her long sword. The watch captain hits! The watch captain swings her long sword. The watch captain hits! [HP-25=31] [2 turns] You miss the watch captain. (2x) [HP+1=32] [HP+1=33] The watch captain swings her long sword. The watch captain hits! The watch captain swings her long sword. The watch captain hits! [HP-23=10] [2 turns] There are several objects here. [HP+1=11] [HP+1=12] You drop an uncursed potion of oil. The watch captain swings her long sword. The watch captain hits! You die... Final status: Goodbye Arrhythmia the Convict... You died in The Gnomish Mines on dungeon level 6 with 3780 points, and 515 pieces of gold, after 2782 moves. You were level 7 with a maximum of 59 hit points when you died.